 Dungeon Crawl Stone Soup version 0.29-a0-617-g7a6b98fccd (webtiles) character file.

Game seed: 8769231400197638431

106620 DocClef the Severer (level 16, 0/96 HPs)
             Began as a Gargoyle Fighter on June 17, 2022.
             Was the Champion of Okawaru.
             Slain by a +1 vorpal war axe (7 damage)
             ... on level 1 of the Elven Halls.
             The game lasted 00:33:46 (23812 turns).

DocClef the Severer (Gargoyle Fighter)             Turns: 23812, Time: 00:33:47

Health: 0/96       AC: 44    Str: 37      XL:     16   Next: 44%
Magic:  0/16       EV: 15    Int: 10 (11) God:    Okawaru [******]
Gold:   3131       SH:  0    Dex: 12 (13) Spells: 15/15 levels left

rFire   + + .      SeeInvis .   K - +8 frozen axe "Frostbite" {freezing cloud, *Noise Fly rC+}
rCold   + + .      Faith    .   (shield currently unavailable)
rNeg    + . .      Spirit   +   T - +2 plate armour {rC+}
rPois   ∞          Reflect  .   X - +5 helmet of Nazxoacs {Harm Dex+4}
rElec   +          Harm     +   v - +2 cloak
rCorr   .          Rampage  .   p - +0 pair of gloves
Will    ++...                   (no boots)
Stlth   ..........              C - amulet of guardian spirit
HPRegen 0.26/turn               a - ring "Yxeacrya" {*Corrode rF++ Will+ EV+4 Dex+4}
MPRegen 0.15/turn               Q - ring "Ameastruk" {rPois Str+4 Int+4 Dex-3 Slay+4}

@: on fire, heroic, marked, flying, glowing, studying Ice Magic
A: sickness immunity, AC +12, big wings, negative energy resistance 1,
electricity resistance, torment resistance 1, petrification resistance, hooves
1, iridescent scales 1, deterioration 1, strong 1
a: Renounce Religion, Heroism, Finesse, Duel


You were on level 1 of the Elven Halls.
You worshipped Okawaru.
Okawaru was exalted by your worship.
You visited 5 branches of the dungeon, and saw 23 of its levels.

You collected 3691 gold pieces.
You spent 560 gold pieces at shops.

Inventory:

Hand Weapons
 b - the +11 battleaxe "Hulk" {flame, rF+ Str+6}
   (Okawaru gifted it to you on level 1 of the Elven Halls)

   It burns those it strikes, dealing additional fire damage.
   Big, fiery blades are also staple armaments of hydra-hunters.
   Str:       It affects your strength (+6).
   rF:        It protects you from fire.
 K - the +8 frozen axe "Frostbite" (weapon) {freezing cloud, *Noise Fly rC+}
   (You found it on level 10 of the Dungeon)

   It freezes those it strikes, dealing additional cold damage.
   It can also slow down cold-blooded creatures.
   It occasionally leaves clouds of freezing vapour upon striking a foe.
   It grants immunity to clouds of freezing vapour.
   rC:        It protects you from cold.
   Fly:       It grants you flight.
   *Noise:    It may make noises in combat.
Missiles
 F - 3 throwing nets (quivered)
Armour
 c - a +0 buckler
 p - a +0 pair of gloves (worn)
 v - a +2 cloak (worn)
 D - a +0 helmet
 J - +0 acid dragon scales
 T - a +2 plate armour of cold resistance (worn)
 X - the +5 helmet of Nazxoacs (worn) {Harm Dex+4}
   (You found it on level 6 of the Lair of Beasts)

   Dex:       It affects your dexterity (+4).
   Harm:      It increases damage dealt and taken.
Jewellery
 a - the ring "Yxeacrya" (left hand) {*Corrode rF++ Will+ EV+4 Dex+4}
   (You acquired it on level 3 of the Lair of Beasts)

   [ring of evasion]

   EV:        It affects your evasion (+4).
   Dex:       It affects your dexterity (+4).
   rF:        It greatly protects you from fire.
   *Corrode:  It may corrode you when you take damage.
   Will:      It increases your willpower.
 m - a ring of willpower
 w - a +4 ring of evasion
 C - an amulet of guardian spirit (around neck)
 Q - the ring "Ameastruk" (right hand) {rPois Str+4 Int+4 Dex-3 Slay+4}
   (You found it on level 2 of the Lair of Beasts)

   [ring of slaying]

   Str:       It affects your strength (+4).
   Int:       It affects your intelligence (+4).
   Dex:       It affects your dexterity (-3).
   Slay:      It affects your accuracy & damage with ranged weapons and melee
   (+4).
   rPois:     It protects you from poison.
 R - an amulet of reflection
 Y - an amulet of regeneration
Wands
 G - a wand of iceblast (7)
 I - a wand of digging (4)
 N - a wand of flame (5)
 O - a wand of paralysis (12)
 V - a wand of quicksilver (8)
Scrolls
 e - a scroll of amnesia
 g - a scroll of blinking
 h - 4 scrolls of teleportation
 i - 4 scrolls of magic mapping
 k - 3 scrolls of fear
 l - 22 scrolls of identify
 o - 4 scrolls of immolation
 t - 2 scrolls of fog
 y - 4 scrolls of enchant armour
 E - 2 scrolls of poison
Potions
 d - 4 potions of might
 f - 7 potions of curing
 j - a potion of heal wounds
 n - a potion of ambrosia
 q - a potion of attraction
 r - 5 potions of berserk rage
 s - 3 potions of brilliance
 u - 2 potions of mutation
 x - a potion of magic
 z - 5 potions of cancellation
 A - 5 potions of flight
 H - 4 potions of lignification
 W - 3 potions of resistance {unknown}
Miscellaneous
 S - a phial of floods


   Skills:
 - Level 9.1(14.1) Fighting
 + Level 17.9(24.9) Axes
 - Level 16.0(24.8) Maces & Flails
 - Level 10.2(15.2) Armour
 - Level 3.2(8.2) Shields


You had 15 spell levels left.
You didn't know any spells.
Your spell library contained the following spells:

 Spells                   Type           Power      Damage    Failure   Level
 Apportation              Tloc           0%         N/A       83%         1
 Necrotize                Necr           0%         1d4       83%         1
 Ensorcelled Hibernation  Hex/Ice        0%         N/A       92%         2
 Confusing Touch          Hex            0%         N/A       99%         3
 Spider Form              Tmut/Pois      0%         N/A       99%         3
 Anguish                  Hex/Necr       0%         N/A       100%        4
 Yara's Violent Unravell  Hex/Tmut       0%         3d3       100%        5
 Enfeeble                 Hex            0%         N/A       100%        7
 Summon Small Mammal      Summ           Unusable   N/A       N/A         1

Dungeon Overview and Level Annotations

Branches:
Dungeon (12/15)            Temple (1/1) D:6            Lair (6/6) D:10
 Shoals (0/4) Lair:2        Snake (0/4) Lair:3        Slime (0/5) Lair:6
    Orc (2/2) D:9             Elf (2/3) Orc:2

Altars:
Ashenzari
Cheibriados
Dithmenos
Elyvilon
Fedhas
Gozag
Kikubaaqudgha
Makhleb
Nemelex Xobeh
Okawaru
Qazlal
Ru
Sif Muna
Trog
Uskayaw
Vehumet
Wu Jian
Xom
Yredelemnul
Zin
The Shining One
Beogh

Shops:
D:1 =   D:4 (   D:8 *   D:9 [   Orc:2 !::!(   Elf:1 !


Innate Abilities, Weirdness & Mutations

You are immune to sickness and miasma.
Your stone body is resilient. (AC +12)
You are immune to poison.
Your large and strong wings let you fly.
You resist negative energy. (rN+)
You are resistant to electric shocks. (rElec)
You are resistant to unholy torment.
You are immune to petrification.
You have large cloven feet.
You are partially covered in iridescent scales. (AC +2)
Your body sometimes deteriorates upon taking damage.
Your muscles are strong. (Str +4, Int/Dex-1)


Message History

The deep elf zephyrmancer barely misses you.
An earth elemental comes into view.
The deep elf pyromancer gestures wildly while chanting.
The deep elf pyromancer blinks!
Things that are here:
a +0 rapier; a +0 leather armour; an elf corpse You gain the combat prowess of a mighty hero.
The deep elf zephyrmancer hits you with a +1 vorpal long sword.
* * * LOW HITPOINT WARNING * * *
x2 You feel much better.
The deep elf zephyrmancer gestures at you while chanting.
The bolt of lightning hits you! You resist.
The +1 vorpal war axe hits you but does no damage.
You cut the deep elf zephyrmancer into ribbons!!!
You freeze the deep elf zephyrmancer.
You kill the deep elf zephyrmancer!
Okawaru accepts your kill.
You slash the +1 vorpal war axe! The +1 vorpal war axe hits you.
* * * LOW HITPOINT WARNING * * *
x2 Unknown command.
You closely miss the +1 vorpal war axe. Your kick misses the +1 vorpal war axe.
The +1 vorpal war axe is moderately damaged.
The +1 vorpal war axe hits you but does no damage.
The deep elf pyromancer gestures at you while chanting.
The sticky flame hits you. You resist.
You are covered in liquid flames!
* * * LOW HITPOINT WARNING * * *
You miss the +1 vorpal war axe.
The +1 vorpal war axe is moderately damaged.
You are covered in liquid flames!
The +1 vorpal war axe hits you but does no damage.
You hit the +1 vorpal war axe but do no damage.
You kick the +1 vorpal war axe, but do no damage.
The +1 vorpal war axe is moderately damaged.
You slice the deep elf pyromancer!! You freeze the deep elf pyromancer.
You are covered in liquid flames!
The +1 vorpal war axe hits you!
* * * LOW HITPOINT WARNING * * *
Your body deteriorates!
You feel clumsy.
You die...

## .. .. .# #.. .# #.#..#.
#.# ## #.##.#. #.##.#$##.#.#
######..#e##.#..### ##
.......e).......... ..
##(#e.#..##..#######
#######.#@##......###.....
##.....$#.##.....).##......
#........##.#....#.##......
#........#.###.............
.###....E.#.####..#..##......
.............................
.#.......).#########..##.....
#...........# #.#...####
##.........#.#######...[...#


You could see an earth elemental, 2 deep elf pyromancers, a deep elf
zephyrmancer and a +1 vorpal war axe.

Vanquished Creatures
  Jorgrun (Elf:1)
  A fire giant (D:10)
  An orc warlord (Orc:1)
  2 dire elephants (Lair:6)
  A deep elf annihilator (Elf:1)
  Harold (D:9)
  Erolcha (Orc:2)
  An ogre mage (Orc:2)
  A catoblepas (Lair:6)
  5 hydras
  Erica (D:8)
  A boulder beetle (D:11)
  3 two-headed ogres
  2 dancing weapons
  13 death yaks
  The ghost of valliere the Covert, a journeyman KoEn of Ashenzari (D:10)
  Urug (Lair:3)
  A deep elf knight (Elf:1)
  An orange crystal statue (Lair:2)
  Pikel (D:7)
  3 lindwurms
  2 orc knights (Orc:1)
  11 deep elf zephyrmancers
  4 oklob plants (Lair:1)
  4 deep elf pyromancers
  2 cyclopes (D:11)
  9 orc sorcerers
  9 elephants
  2 manticores (Lair:6)
  A black mamba (Lair:6)
  Maurice (D:7)
  12 cane toads
  Maggie (D:8)
  A torpor snail (Lair:4)
  5 rime drakes
  Psyche (D:9)
  10 komodo dragons
  A freezing wraith (D:10)
  3 polar bears
  4 trolls
  2 slime creatures
  2 dream sheep (Lair:6)
  16 blink frogs
  An air elemental (Elf:2)
  2 centaur simulacra (D:10)
  2 wraiths
  2 water elementals (Elf:1)
  4 wyverns
  A vampire (D:10)
  4 basilisks
  38 yaks
  A fire elemental (Elf:1)
  2 steam dragons
  4 vampire mosquitoes
  An acid dragon (D:11)
  2 wargs (Orc:1)
  7 nagas (Lair:3)
  9 water moccasins
  2 ice beasts (D:6)
  18 orc warriors
  3 black bears
  10 ogres
  20 wolves
  5 centaurs
  3 lemures (D:6)
  A kobold brigand (D:6)
  7 bullfrogs
  An earth elemental (Elf:1)
  6 wights
  19 killer bees
  An electric eel (Lair:2)
  2 howler monkeys (D:10)
  8 jellies
  4 hounds
  10 orc priests
  6 iguanas
  28 orc wizards
  5 gnolls (D:5)
  9 adders
  A shadow imp (D:5)
  An ufetubus (D:4)
  6 dart slugs
  65 orcs
  7 ball pythons
  26 endoplasms
  8 giant cockroaches
  18 goblins
  6 hobgoblins
  4 quokkas
  5 bats
  4 frilled lizards
  8 kobolds
  7 rats
560 creatures vanquished.

Vanquished Creatures (others)
  5 dream sheep (D:8)
  19 fungi
  92 plants
116 creatures vanquished.

Grand Total: 676 creatures vanquished

Notes
Turn   | Place    | Note
-------+----------+-------------------------------------------
     0 | D:1      | DocClef the Gargoyle Fighter began the quest for the Orb.
     0 | D:1      | Reached XP level 1. HP: 14/14 MP: 1/1
   172 | D:1      | Reached XP level 2. HP: 17/20 MP: 2/2
   276 | D:1      | Found Isec Nia's Jewellery Boutique.
   644 | D:1      | Found a faded altar of an unknown god.
   776 | D:1      | Reached XP level 3. HP: 21/24 MP: 3/3
  1085 | D:2      | Reached skill level 5 in Fighting
  1526 | D:2      | Gained mutation: You are partially covered in iridescent
                  | scales. (AC +2) [potion of mutation]
  1526 | D:2      | Gained mutation: Your muscles are strong. (Str +4,
                  | Int/Dex-1) [potion of mutation]
  1526 | D:2      | Gained mutation: Your body sometimes deteriorates upon
                  | taking damage. [potion of mutation]
  1526 | D:2      | Gained mutation: You have large cloven feet. [potion of
                  | mutation]
  1728 | D:2      | Reached XP level 4. HP: 30/31 MP: 4/4
  2720 | D:3      | Found a bloodstained altar of Trog.
  2930 | D:3      | Reached XP level 5. HP: 35/35 MP: 5/5
  3214 | D:4      | Noticed an ogre
  3217 | D:4      | Killed an ogre
  3510 | D:4      | Found Feomnu Fodgh's Weapon Shop.
  3541 | D:4      | Reached XP level 6. HP: 32/40 MP: 6/6
  3545 | D:4      | Reached skill level 5 in Maces & Flails
  4174 | D:4      | Found a hide-covered altar of Uskayaw.
  4210 | D:5      | Entered Level 5 of the Dungeon
  4360 | D:5      | Noticed a water moccasin
  4363 | D:5      | Reached XP level 7. HP: 37/44 MP: 7/7
  5029 | D:5      | Found a radiant altar of Vehumet.
  5306 | D:6      | Found a staircase to the Ecumenical Temple.
  5313 | Temple   | Entered the Ecumenical Temple
  5464 | Temple   | Became a worshipper of Warmaster Okawaru
  5539 | D:6      | Reached XP level 8. HP: 35/49 MP: 8/8
  5660 | D:6      | Reached * piety under Okawaru
  5905 | D:6      | Reached skill level 10 in Maces & Flails
  6315 | D:7      | Noticed Pikel
  6353 | D:7      | Killed Pikel
  6353 | D:7      | Reached ** piety under Okawaru
  6354 | D:7      | Reached XP level 9. HP: 41/54 MP: 9/9
  6486 | D:7      | Found a blossoming altar of Fedhas.
  7313 | D:8      | Found Addyd's Antique Armour Emporium.
  7366 | D:8      | Found Keffi's Elemental Accessories.
  7368 | D:8      | Noticed Maurice
  7905 | D:8      | Noticed Maggie
  8283 | D:8      | Killed Maggie
  8283 | D:8      | Reached *** piety under Okawaru
  8369 | D:7      | Killed Maurice
  8370 | D:7      | Reached XP level 10. HP: 59/59 MP: 10/10
  8646 | D:8      | Noticed Erica
  8659 | D:8      | Killed Erica
  8774 | D:8      | Found a shimmering altar of Xom.
  8828 | D:9      | Reached **** piety under Okawaru
  8929 | D:9      | Found Muysosex's Armour Emporium.
  8931 | D:9      | Noticed Harold
  8938 | D:9      | Killed Harold
  9008 | D:9      | Noticed a two-headed ogre
  9011 | D:9      | Noticed Psyche
  9027 | D:10     | Entered Level 10 of the Dungeon
  9076 | D:10     | Reached skill level 15 in Maces & Flails
  9359 | D:10     | Noticed a death yak
  9359 | D:10     | Noticed a death yak
  9379 | D:11     | Noticed a two-headed ogre
  9383 | D:11     | Killed a two-headed ogre
  9392 | D:11     | Reached XP level 11. HP: 63/63 MP: 11/11
  9435 | D:11     | Noticed a cyclops
  9443 | D:11     | Killed a cyclops
  9581 | D:11     | Reached ***** piety under Okawaru
 10136 | D:11     | Noticed a boulder beetle
 10145 | D:11     | Killed a boulder beetle
 10146 | D:11     | Reached skill level 5 in Armour
 10294 | D:11     | Noticed a two-headed ogre
 10299 | D:11     | Killed a two-headed ogre
 10453 | D:11     | Noticed a cyclops
 10460 | D:11     | Killed a cyclops
 10938 | D:11     | Received a gift from Okawaru
 11189 | D:10     | Found the +8 frozen axe "Frostbite" {freezing cloud, *Noise
                  | Fly rC+}
 11483 | D:9      | Killed Psyche
 11514 | D:9      | Found a staircase to the Orcish Mines.
 11533 | D:9      | Reached skill level 10 in Armour
 11919 | D:9      | You fall into a shaft and drop 3 floors!
 11989 | D:11     | Reached XP level 12. HP: 57/70 MP: 10/12
 11994 | D:11     | Received a gift from Okawaru
 12130 | D:10     | Found a staircase to the Lair.
 12130 | D:10     | Noticed a death yak
 12130 | D:10     | Noticed a death yak
 12145 | D:10     | Noticed a death yak
 12149 | D:10     | Killed a death yak
 12161 | D:10     | Killed a death yak
 12166 | D:10     | Killed a death yak
 12167 | D:10     | Killed a death yak
 12170 | D:10     | Killed a death yak
 12500 | D:10     | Found a runed translucent door.
 12500 | D:10     | Found the +5 robe of Misfortune {Harm *Corrode *Slow EV+5}
 12501 | D:10     | Noticed valliere's ghost (journeyman KoEn)
 12501 | D:10     | Noticed a fire giant
 12610 | D:10     | Reached skill level 1 in Axes
 12645 | D:10     | Noticed a two-headed ogre
 12649 | D:10     | Killed a two-headed ogre
 12650 | D:10     | Reached skill level 2 in Axes
 12661 | D:10     | Reached skill level 3 in Axes
 12942 | Lair:1   | Entered Level 1 of the Lair of Beasts
 12942 | Lair:1   | Noticed a seven-headed hydra
 12950 | Lair:1   | Killed a nine-headed hydra
 12951 | Lair:1   | Reached skill level 4 in Axes
 13134 | Lair:1   | Noticed a four-headed hydra
 13142 | Lair:1   | Killed a seven-headed hydra
 13143 | Lair:1   | Reached skill level 5 in Axes
 13416 | Lair:1   | Identified the -1 pair of boots of the Zealous God {rN++}
                  | (Okawaru gifted it to you on level 1 of the Lair of Beasts)
 13416 | Lair:1   | Received a gift from Okawaru
 13600 | Lair:1   | Reached skill level 6 in Axes
 13885 | Lair:1   | Reached skill level 7 in Axes
 14050 | Lair:1   | Identified the +7 quarterstaff of Discretion {drain,
                  | *Corrode Dex+4}
 14128 | Lair:2   | Reached XP level 13. HP: 78/80 MP: 13/13
 14157 | Lair:2   | Identified the +3 flail "Grim" {vamp, Dex+4}
 14218 | Lair:2   | Reached skill level 8 in Axes
 14484 | Lair:2   | Reached skill level 9 in Axes
 14514 | Lair:2   | Reached ****** piety under Okawaru
 14784 | Lair:2   | Found a staircase to the Shoals.
 15174 | Lair:2   | Found the +13 scythe of Curses {drain, Drain}
 15186 | Lair:2   | Identified the ring "Ameastruk" {rPois Str+4 Int+4 Dex-3
                  | Slay+4}
 15436 | Lair:3   | Reached skill level 10 in Axes
 15620 | Lair:3   | Noticed Urug
 15628 | Lair:3   | Killed Urug
 15797 | Lair:3   | Received a gift from Okawaru
 15892 | Lair:3   | Found a staircase to the Snake Pit.
 15999 | Lair:3   | Reached skill level 11 in Axes
 17031 | Lair:4   | Found a runed translucent door.
 17707 | Lair:5   | Reached skill level 12 in Axes
 18124 | Lair:6   | Entered Level 6 of the Lair of Beasts
 18149 | Lair:5   | Gained mutation: Your large and strong wings let you fly.
                  | [Gargoyle growth]
 18149 | Lair:5   | Reached XP level 14. HP: 40/86 MP: 7/14
 18423 | Lair:6   | Reached skill level 13 in Axes
 18467 | Lair:6   | Received a gift from Okawaru
 18954 | Lair:6   | Found a staircase to the Slime Pits.
 19251 | Lair:6   | Noticed a dire elephant
 19259 | Lair:6   | Killed a dire elephant
 19267 | Lair:6   | Reached skill level 14 in Axes
 19560 | Lair:6   | Identified the +5 helmet of Nazxoacs {Harm Dex+4}
 19584 | Lair:6   | Identified the +1 crystal plate armour of the Present {rF-
                  | Str+7 Stlth+} (Okawaru gifted it to you on level 6 of the
                  | Lair of Beasts)
 19584 | Lair:6   | Received a gift from Okawaru
 19759 | Lair:6   | Noticed a dire elephant
 19765 | Lair:6   | Killed a dire elephant
 19767 | Lair:6   | HP: 4/86 [lindwurm/blast of flame (7)]
 20844 | Lair:3   | Identified 2 scrolls of acquirement
 20844 | Lair:3   | Acquired the ring "Yxeacrya" {*Corrode rF++ Will+ EV+4
                  | Dex+4}
 20874 | Lair:3   | Acquired 1088 gold pieces
 20979 | D:10     | Killed a fire giant
 20980 | D:10     | Reached skill level 15 in Axes
 20982 | D:10     | Killed valliere's ghost
 21201 | Orc:1    | Entered Level 1 of the Orcish Mines
 21677 | Orc:1    | Noticed an orc warlord
 21688 | Orc:1    | Killed an orc warlord
 22212 | Orc:2    | Entered Level 2 of the Orcish Mines
 22227 | Orc:2    | Found Wodeid's Self-Improvement Boutique.
 22288 | Orc:2    | Found a staircase to the Elven Halls.
 22461 | Orc:2    | Reached XP level 15. HP: 90/90 MP: 15/15
 22468 | Orc:2    | Found Unnaythrohich's Antique Weapon Boutique.
 22486 | Orc:2    | Found a radiant altar of Vehumet.
 22486 | Orc:2    | Noticed Erolcha
 22492 | Orc:2    | Killed Erolcha
 22496 | Orc:2    | Reached skill level 16 in Axes
 22498 | Orc:2    | Found Goxemeb's Distillery.
 22536 | Orc:2    | Found an ancient bone altar of Kikubaaqudgha.
 22671 | Orc:2    | Found Sereliosch's Book Boutique.
 22741 | Orc:2    | Found Atadush's Distillery.
 22752 | Orc:2    | Bought a potion of experience for 500 gold pieces
 22752 | Orc:2    | Bought a potion of lignification for 30 gold pieces
 22752 | Orc:2    | Bought a potion of flight for 30 gold pieces
 22752 | Orc:2    | Reached skill level 17 in Axes
 22752 | Orc:2    | Reached XP level 16. HP: 96/96 MP: 16/16
 23131 | Elf:1    | Entered Level 1 of the Elven Halls
 23144 | Elf:1    | Identified the +11 battleaxe "Hulk" {flame, rF+ Str+6}
                  | (Okawaru gifted it to you on level 1 of the Elven Halls)
 23144 | Elf:1    | Received a gift from Okawaru
 23186 | Elf:1    | Noticed Jorgrun
 23192 | Elf:1    | Killed Jorgrun
 23300 | Elf:1    | Acquired 408 gold pieces
 23336 | Elf:1    | Found Qosimp's Distillery.
 23812 | Elf:1    | Slain by a +1 vorpal war axe

Illustrated notes

Levels and vault maps discovered:
D:1:      amcnicky_arrival_gap_in_the_tavern_cellar, layout_rooms,
          shapermc_ecumenical_altar_ellora, serial_shops, shop
D:2:      layout_loops_corners, minmay_goblin_outpost
D:3:      layout_basic, mainiacjoe_overflow_catwalk
D:4:      layout_loops_ring, mainiacjoe_overflow_alcove_2, serial_shops, shop
D:5:      layout_basic, nicolae_vehumet_altar_sigil,
          dreamdust_princess_corridor, minmay_checkerbox
D:6:      layout_loops_ring, minmay_temple_entry_waves
D:7:      layout_basic, lemuel_crystal_altar, uniq_pikel
D:8:      layout_cave_pools, kb_xom_exploding_sheep, serial_shops,
          nicolae_shop_behind_doors, nicolae_concentric_dashed_squares_wild,
          nicolae_elemental_shop, uniq_erica, uniq_maggie, uniq_maurice
D:9:      layout_long_grid, nicolae_hepliaklqana_monster_ancestors, david_orc_2,
          serial_shops, shop, uniq_harold, uniq_psyche
D:10:     minmay_coctagon, layout_rooms, dpeg_lair_monsters,
          ebering_ghost_inner_flame, kennysheep_potato
D:11:     lemuel_slime, layout_loops_corners
D:12:     layout_basic, kennysheep_another_room
Temple:   nicolae_temple_elliptical
Lair:1:   minmay_lair_oklob_tunnel, layout_misc_corridors, beast_lair_carwin_2
Lair:2:   statuecave_lemuel, layout_loops_ring, minmay_shoals_entry_centaurs,
          grunt_megastairs_1
Lair:3:   layout_cave_pods, minmay_snake_entry_guardpost_medium, uniq_urug
Lair:4:   layout_regular_city, pf_torpor_hydra, infiniplex_staircase_pool_2
Lair:5:   layout_loops_ring, grunt_megastairs_5
Lair:6:   hangedman_lair_in_review, layout_long_grid,
          minmay_slime_entry_pillars, columned_hall_lemuel
Orc:1:    layout_caves
Orc:2:    kennysheep_orc_mage_school, layout_caves, nicolae_shop_self_help
Elf:1:    eino_elf_arrival_customs, layout_rooms, serial_shops, shop,
          minmay_elf_annihilation, drop_trap, nicolae_shop_unique_rings,
          uniq_jorgrun
Elf:2:    nicolae_elf_blades_splatter_lattice [grunt_blade_entry_basic],
          layout_geoelf_octagon, feat_on_display

Skill      XL: |  1  2  3  4  5  6  7  8  9 10 11 12 13 14 15 |
---------------+----------------------------------------------+-----
Fighting       | 4 5 6 9 |  9.1
Maces & Flails | 3 4 6 8 11 13 15 16 | 16.0
Armour         | 10 | 10.2
Axes           | 7 12 15 17 | 17.9
Shields        | |  3.2

Action                   |  1- 3 |  4- 6 |  7- 9 | 10-12 | 13-15 | 16-18 || total
-------------------------+-------+-------+-------+-------+-------+-------++-------
Melee: Flail             |   120 |   166 |   202 |       |       |       ||   488
       Kick              |       |    26 |    75 |   110 |   117 |    10 ||   338
       Morningstar       |       |       |    56 |   335 |       |       ||   391
       Unarmed           |       |       |    26 |       |       |       ||    26
       Executioner's axe |       |       |       |   106 |   428 |    63 ||   597
Throw: Throwing net      |       |       |       |     3 |       |       ||     3
Invok: Heroism           |       |       |     3 |     7 |     5 |     1 ||    16
       Finesse           |       |       |       |       |     1 |       ||     1
  Use: Potion            |     5 |       |     2 |       |     1 |     1 ||     9
       Scroll            |       |     9 |       |       |    11 |     1 ||    21
Armor: Scale mail        |    61 |    97 |   121 |   105 |       |       ||   384
       Skin              |       |       |     6 |       |       |       ||     6
       Acid dragon scale |       |       |       |   259 |   259 |       ||   518
       Plate armour      |       |       |       |       |    29 |    37 ||    66
Dodge: Dodged            |    70 |    71 |    78 |   254 |   219 |    20 ||   712
Block: Buckler           |    25 |    32 |    38 |    88 |       |       ||   183

Table legend: (Time is in decaauts)
 A = Elapsed time spent in this place.
 B = Non-inter-level travel time spent in this place.
 C = Inter-level travel time spent in this place.
 D = Time resting spent in this place.
 E = Time spent auto-exploring this place.
 F = Levels seen in this place.
 G = Mean time per level.
                   A        B        C        D        E       F      G
               +--------+--------+--------+--------+--------+-----+--------+
         Total |  23867 |  22769 |   1098 |   3454 |  15744 |  23 | 1037.7 |
       Dungeon |  13245 |  12733 |    512 |   2157 |   8458 |  12 | 1103.8 |
        Temple |    167 |    138 |     29 |      0 |    121 |   1 |  167.0 |
          Lair |   8086 |   7605 |    481 |    964 |   5708 |   6 | 1347.7 |
  Orcish Mines |   1692 |   1616 |     76 |    221 |   1073 |   2 |  846.0 |
   Elven Halls |    675 |    675 |      0 |    112 |    384 |   2 |  337.5 |
               +--------+--------+--------+--------+--------+-----+--------+

Top non-repeatable levels by time:
  Lair:6: 2193 daAuts
    D:10: 1824 daAuts
    D:11: 1752 daAuts
     D:7: 1470 daAuts
     D:2: 1426 daAuts
  Lair:3: 1348 daAuts
  Lair:2: 1311 daAuts
  Lair:1: 1229 daAuts
     D:4: 1157 daAuts
     D:1: 1045 daAuts
  Lair:5: 1032 daAuts
  Lair:4: 971 daAuts
     D:5: 942 daAuts
     D:9: 935 daAuts
     D:8: 928 daAuts
